 Dungeon Crawl Stone Soup version 0.30.1 (webtiles) character file.

Game seed: 16539704947061684413

5 AgateBread the Trooper (level 1, -1/14 HPs)
             Began as a Gargoyle Monk on July 7, 2023.
             Killed from afar by a dart slug (4 damage)
             ... with a slug dart
             ... on level 1 of the Dungeon.
             The game lasted 00:00:25 (105 turns).

AgateBread the Trooper (Gargoyle Monk)               Turns: 105, Time: 00:00:26

Health: -1/14      AC:  4    Str: 14    XL:     1   Next: 80%
Magic:  1/1        EV: 12    Int: 10    God:
Gold:   41         SH:  0    Dex: 12    Spells: 0/0 levels left

rFire   . . .        a - +0 mace
rCold   . . .        d - orb {light}
rNeg    + . .        b - +0 robe
rPois   ∞            (no helmet)
rElec   +            (no cloak)
rCorr   .            (no gloves)
SInv    .            (no boots)
Will    .....        (no amulet)
Stlth   +            (no ring)
HPRegen 0.22/turn    (no ring)
MPRegen 0.07/turn

%: no passive effects
@: glowing
A: sickness immunity, AC +2, negative energy resistance 1, electricity
resistance, torment resistance 1, petrification resistance
a: no special abilities


You were on level 1 of the Dungeon.
You visited 1 branch of the dungeon, and saw 1 of its levels.

You collected 41 gold pieces.

Inventory:

Hand Weapons
 a - a +0 mace (weapon)
Armour
 b - a +0 robe (worn)
 d - an orb of light (worn)
Potions
 c - a potion of ambrosia
 e - a potion of mutation {unknown}


   Skills:
 + Level 3.4 Fighting
 + Level 3.1 Maces & Flails
 + Level 2.5 Dodging


You couldn't memorise any spells.
You didn't know any spells.
Your spell library was empty.

Dungeon Overview and Level Annotations

Branches:
Dungeon (1/15)

Altars:


Innate Abilities, Weirdness & Mutations

You are immune to sickness and miasma.
Your stone body is resilient. (AC +2)
You are immune to poison.
You resist negative energy. (rN+)
You are resistant to electric shocks. (rElec)
You are resistant to unholy torment.
You are immune to petrification.


Message History

The bat closely misses you. The endoplasm freezes you.
You are frozen.
You are too injured to fight recklessly!
You are too injured to fight recklessly!
You are too injured to fight recklessly!
You are too injured to fight recklessly!
You are too injured to fight recklessly!
You are too injured to fight recklessly!
The endoplasm barely misses you. The dart slug launches a dart at you.
The slug dart misses you. The bat hits you but does no damage. x2
The bat attacks as you move away! The bat closely misses you.
The endoplasm attacks as you move away! The endoplasm barely misses you.
The bat misses you. The dart slug launches a dart at you.
The slug dart misses you.
The slug dart hits the bat.
The bat dies!
You hit the endoplasm.
The endoplasm is severely wounded.
The endoplasm hits you but does no damage.
You hit the endoplasm.
The endoplasm is almost dead.
The endoplasm freezes you.
You are frozen.
You hit the endoplasm.
You kill the endoplasm!
You hit the giant cockroach.
You kill the giant cockroach!
You hit the dart slug but do no damage. You hit the dart slug.
The dart slug is moderately wounded.
The dart slug bites you.
* * * LOW HITPOINT WARNING * * *
You hit the dart slug.
The dart slug is heavily wounded.
The dart slug launches a dart at you. The slug dart hits you.
You die...

#......$....
#.......... ..
#......... .##..
#.....?.# ....
.......# ...# ..
#..#..# ..# #.
#....##..# . .##
####...$...#... ..#
#.@w.#†.......#
#.###.#####....#.##
#.##..# #.......#
#.#..##.....|...##
#.
###.......###..#..#
#.# #.....#####
#.?..... #.#
#.#.#.# .......##
#.# #####.#...#
####...# #.#
#.....##..# ...#


You could see a dart slug.

Vanquished Creatures
  A ball python (D:1)
  2 endoplasms (D:1)
  A giant cockroach (D:1)
4 creatures vanquished.

Vanquished Creatures (others)
  A bat (D:1)
1 creature vanquished.

Grand Total: 5 creatures vanquished

Notes
Turn   | Place    | Note
-------+----------+-------------------------------------------
     0 | D:1      | AgateBread the Gargoyle Monk began the quest for the Orb.
     0 | D:1      | Reached XP level 1. HP: 14/14 MP: 1/1
   105 | D:1      | Killed from afar by a dart slug

Illustrated notes

Levels and vault maps discovered:
D:1:      dpeg_arrival_renting, layout_rooms

Action                     || total
---------------------------++-------
  Melee: Mace              ||    12
 Armour: Robe              ||     7
  Dodge: Dodged            ||    13
